 Dungeon Crawl Stone Soup version 0.30.1-3-gfc49f6343a (webtiles) character file.

Game seed: 3418189923568052868

4 Descartes the Trooper (level 1, -2/20 HPs)
             Began as a Minotaur Fighter on July 18, 2023.
             Succumbed to a kobold's poison
             ... on level 1 of the Dungeon.
             The game lasted 00:00:15 (71 turns).

Descartes the Trooper (Minotaur Fighter)              Turns: 71, Time: 00:00:15

Health: -2/20      AC:  7    Str: 20    XL:     1   Next: 50%
Magic:  0/0        EV:  9    Int:  5    God:
Gold:   0          SH:  4    Dex:  9    Spells: 0/0 levels left

rFire   . . .        a - +0 war axe
rCold   . . .        c - +0 buckler
rNeg    . . .        b - +0 scale mail
rPois   .            (helmet restricted)
rElec   .            (no cloak)
rCorr   .            (no gloves)
SInv    .            (no boots)
Will    .....        (no amulet) Stlth
                     (no ring)
HPRegen 0.23/turn    (no ring)
MPRegen 0.07/turn

%: no passive effects
@: lethally poisoned (-2 -> -21)
A: horns 2, retaliatory headbutt
a: no special abilities


You were on level 1 of the Dungeon.
You visited 1 branch of the dungeon, and saw 1 of its levels.

Inventory:

Hand Weapons
 a - a +0 war axe (weapon)
Armour
 b - a +0 scale mail (worn)
 c - a +0 buckler (worn)
Potions
 d - a potion of might


   Skills:
 + Level 3.7 Fighting
 + Level 2.5 Axes
 + Level 3.7 Armour
 + Level 3.7 Shields


You couldn't memorise any spells.
You didn't know any spells.
Your spell library was empty.

Dungeon Overview and Level Annotations

Branches:
Dungeon (1/15)

Altars:


Innate Abilities, Weirdness & Mutations

You have a pair of horns on your head.
You reflexively headbutt those who attack you in melee.


Message History

You miss the quokka. You closely miss the bat. The bat closely misses you.
A ball python comes into view.
The quokka bites you. The bat hits you.
A ball python comes into view.
The kobold hits you with a +0 dagger of venom.
You block the quokka's attack.
The ball python hisses angrily. x2
You hit the kobold but do no damage. You hit the quokka.
You closely miss the hobgoblin. You closely miss the bat.
The bat barely misses you. You furiously retaliate!
You headbutt the bat.
You kill the bat!
The hobgoblin closely misses you. The quokka bites you.
Unknown command.
A ball python comes into view.
Found a scroll labelled YCIDASHIAS.
The ball python hisses angrily.
The kobold hits you with a +0 dagger of venom.
The kobold hits you but does no damage. The giant cockroach bites you.
You block the hobgoblin's attack.
You see here a rat corpse.
You slash the quokka!
You kill the quokka!
You hit the giant cockroach but do no damage.
You closely miss the kobold. You hit the kobold. You barely miss the hobgoblin.
You block the giant cockroach's attack.
The kobold hits you with a +0 dagger of venom.
* * * LOW HITPOINT WARNING * * *
You are lethally poisoned!
The hobgoblin hits you but does no damage.
The kobold hits you but does no damage.
The giant cockroach bites you but does no damage.
The kobold closely misses you. The hobgoblin hits you.
* * * LOW HITPOINT WARNING * * *
The kobold hits you but does no damage.
You are more poisoned.
You closely miss the hobgoblin. Your headbutt misses the hobgoblin.
You hit the ball python.
You hit the giant cockroach but do no damage.
You closely miss the kobold. You hit the kobold but do no damage.
You die...

# .?...... #. #......
#.# #..... ##..##....##
...........##
.......S....#
....>.SBK.$.# ........
...S...@g...# .........
.......K...#### ........
..............# #.#.....
............#.###.......
........................
............#.##........
.....#..................
.....##.....#.###.....##
... ###..##.# ###...##


You could see a giant cockroach, a hobgoblin, 3 ball pythons and 2 kobolds.

Vanquished Creatures
  A goblin (D:1)
  A quokka (D:1)
  A bat (D:1)
  A rat (D:1)
4 creatures vanquished.

Notes
Turn   | Place    | Note
-------+----------+-------------------------------------------
     0 | D:1      | Descartes the Minotaur Fighter began the quest for the Orb.
     0 | D:1      | Reached XP level 1. HP: 19/19 MP: 0/0
    71 | D:1      | Succumbed to a kobold's poison

Illustrated notes

Levels and vault maps discovered:
D:1:      tarquinn_simple_flora_water_c, layout_rooms

Action                     || total
---------------------------++-------
  Melee: War axe           ||     6
 Armour: Scale mail        ||     6
  Dodge: Dodged            ||     6
  Block: Buckler           ||     4
